 Dungeon Crawl Stone Soup version 0.25-a0-458-g6fc7858b95 (webtiles) character file.

Game seed: 17800027537430578756, levelgen mode: deterministic

4 funkygono the Magician (level 1, -1/10 HPs)
             Began as a Deep Elf Wizard on Feb 1, 2020.
             Slain by a jackal (3 damage)
             ... on level 1 of the Dungeon.
             The game lasted 00:01:05 (231 turns).

funkygono the Magician (Deep Elf Wizard)             Turns: 231, Time: 00:01:06

Health: -1/10      AC:  2    Str:  4    XL:     1   Next: 58%
Magic:  1/8        EV: 13    Int: 22    God:
Gold:   21         SH:  0    Dex: 13    Spells: 8/9 levels left

rFire    . . .     SeeInvis .   h - +0 short sword
rCold    . . .     Gourm    .   (no shield)
rNeg     . . .     Faith    .   a - +0 robe
rPois    .         Spirit   .   b - +0 hat
rElec    .         Reflect  .   (no cloak)
rCorr    .         Harm     .   (no gloves)
MR       .....                  (no boots)
Stlth    ++........             (no amulet)
HPRegen  0.03/turn              (no ring)
MPRegen  0.11/turn              (no ring)

@: very slightly contaminated
A: no striking features
a: no special abilities


You were on level 1 of the Dungeon.
You were not hungry.

You visited 1 branch of the dungeon, and saw 1 of its levels.

You collected 21 gold pieces.

Inventory:

Hand Weapons
 h - a +0 short sword (weapon)
Missiles
 g - 43 stones (quivered)
Armour
 a - a +0 robe (worn)
 b - a +0 hat (worn)
 j - a +4 ring mail
Scrolls
 c - a scroll of teleportation {unknown}
 k - a scroll of remove curse {unknown}
Potions
 e - a potion of invisibility {unknown}
 f - a potion of brilliance {unknown}
Comestibles
 d - a ration
 i - a chunk of flesh


   Skills:
 + Level 2.4 Dodging
 * Level 2.4 Stealth
 * Level 4.7 Spellcasting
 * Level 1.2 Conjurations
   Level 1.1 Summonings
   Level 1.1 Translocations


You had 8 spell levels left.
You knew the following spells:

 Your Spells              Type           Power        Failure   Level  Hunger
a - Magic Dart            Conj           ##..         6%          1    None

Your spell library contained the following spells:

 Spells                   Type           Power        Failure   Level  Hunger
 Blink                    Tloc           N/A          10%         2    None
 Call Imp                 Summ           ##......     10%         2    None
 Slow                     Hex            #.......     16%         2    None
 Conjure Flame            Conj/Fire      #.......     24%         3    ##.....
 Mephitic Cloud           Conj/Pois/Air  #.......     26%         3    ##.....


Dungeon Overview and Level Annotations

Branches:
Dungeon (1/15)

Altars:


Message History

Aim: a jackal The magic dart hits the jackal but does no damage.
The jackal is severely wounded.
The jackal misses you.
Casting: Magic Dart (safe; 6% risk of failure)
Confirm with . or Enter, or press ? or * to list all spells.
Aiming: Magic Dart (safe; 6% risk of failure)
Press: ? - help, Shift-Dir - straight line, f/p - jackal
Aim: a jackal The magic dart hits the jackal but does no damage.
The jackal is severely wounded.
The jackal bites you but does no damage.
The gnoll misses you. The jackal closely misses you.
The jackal barely misses you.
The jackal barely misses you. x2; The jackal bites you.
* * * LOW HITPOINT WARNING * * *
The gnoll barely misses you. The jackal barely misses you.
The jackal bites you.
You die...

#######.################
#...##............
#.###.............
#.##..............
#.#....########### #.#...## ##?
#.#....########### ...#
#.##..............
...#############@.##.............
......?........hh..##............
........##..##g...###############
...........##h.h.....#
............g......###
..........####.##......
...........##..# ..###.
........#..#..## #.#
..............####.##


You could see a gnoll, 4 jackals and a goblin.

Vanquished Creatures
  A leopard gecko (D:1)
  A hobgoblin (D:1)
  A bat (D:1)
  A kobold (D:1)
4 creatures vanquished.

Notes
Turn   | Place    | Note
-------+----------+-------------------------------------------
     0 | D:1      | funkygono the Deep Elf Wizard began the quest for the Orb.
     0 | D:1      | Reached XP level 1. HP: 10/10 MP: 7/7
   231 | D:1      | Slain by a jackal

Levels and vault maps discovered:
D:1:      eino_arrival_cavern_b, layout_rooms, nrook_uturn

Action                   || total
-------------------------++-------
 Cast: Magic Dart        ||    18
Armor: Robe              ||     3
Dodge: Dodged            ||    18

Table legend:
 A = Non-vault XP
 B = Vault XP
 C = Vault XP percentage of total XP
 D = Non-vault monster count
 E = Vault monster count
 F = Vault count percentage of total count
                 A         B        C        D         E       F
            +---------+---------+-------+---------+---------+-------
      Total |       7 |       0 |   0.0 |       4 |       0 |   0.0
            +---------+---------+-------+---------+---------+-------
        D:1 |       7 |       0 |   0.0 |       4 |       0 |   0.0
            +---------+---------+-------+---------+---------+-------
